 Dungeon Sprint DCSS version 0.21.0-37-g46506fa (webtiles) character file.

13200000 doot the Axe Maniac (level 27, -201/249 HPs)
             Began as a Demonspawn Warper on Jan 31, 2018.
             Was the Champion of Makhleb.
             Annihilated by a fleshlord
             ... wielding a +9 great mace
              (297 damage)
             ... in the Dungeon (Sprint VIII: "Arena of Blood").
             The game lasted 00:06:58 (132 turns).

doot the Axe Maniac (Demonspawn Warper)              Turns: 132, Time: 00:06:58

Health: -201/249   AC:  6    Str: 13    XL:     27
Magic:  33/54      EV: 34    Int: 16    God:    Makhleb [******]
Gold:   0          SH:  0    Dex: 23    Spells: 74/80 levels left

rFire    + . .     SeeInvis +   k - +∞ Axe of Woe
rCold    . . .     Gourm    .   (shield currently unavailable)
rNeg     . . .     Faith    .   a - +0 leather armour
rPois    .         Spirit   .   (helmet unavailable)
rElec    .         Reflect  .   (no cloak)
rCorr    .         Harm     .   (gloves unavailable)
MR       ++...     NoTele   +   (boots unavailable)
Stlth    ++++++++++             (no amulet)
HPRegen  0.51/turn              (no ring)
MPRegen  0.34/turn              (no ring)

@: berserk cooldown, slowed, drained, very slow
A: antennae 3, claws 3, hooves 3, fire resistance 1, ignite blood, nightstalker
3, augmentation 3, flame cloud immunity
a: Minor Destruction, Lesser Servant of Makhleb, Major Destruction, Greater
Servant of Makhleb, Renounce Religion


You were in the Dungeon.
You worshipped Makhleb.
Makhleb was exalted by your worship.
You were not hungry.

You visited 1 branch

Inventory:

Hand Weapons
 k - the +∞ Axe of Woe (weapon)
   (You found it in the Dungeon)
Missiles
 d - 5 tomahawks of dispersal (quivered)
Armour
 a - a +0 leather armour (worn)
Jewellery
 l - a +200 ring of slaying
 m - a +30 ring of slaying
Scrolls
 c - 2 scrolls of blinking
Potions
 e - a potion of curing
 g - a potion of heal wounds
 h - a potion of haste
 i - 2 potions of magic
Books
 b - a book of Spatial Translocations

   Spells                             Type                      Level
   a - Blink                          Translocation                2
   b - Shroud of Golubria             Charms/Translocation         2
   c - Lesser Beckoning               Translocation                3
   d - Gell's Gravitas                Translocation                3
   e - Teleport Other                 Translocation                3
   f - Passage of Golubria            Translocation                4
Comestibles
 f - a ration


   Skills:
 O Level 27(25.5) Fighting
 O Level 27(25.5) Axes
 O Level 27(25.5) Throwing
 O Level 27(25.5) Armour
 O Level 27(25.5) Dodging
 O Level 27(25.5) Stealth
 O Level 27(25.5) Unarmed Combat
 O Level 27(25.5) Spellcasting
 O Level 27(25.5) Translocations
 O Level 27(25.5) Invocations


You had 74 spell levels left.
You knew the following spells:

 Your Spells              Type           Power        Failure   Level  Hunger
a - Passage of Golubria   Tloc           N/A          0%          4    None
b - Blink                 Tloc           N/A          0%          2    None


Dungeon Overview and Level Annotations

Branches:
Dungeon (1/1)

Altars:
Makhleb


Innate Abilities, Weirdness & Mutations

You have a pair of large antennae on your head. (SInv)
You have claws for hands.
You have hooves in place of feet.
Your flesh is heat resistant. (rF+)
Your demonic aura causes spilled blood to erupt in flames.
You are completely attuned to the shadows.
Your magical and physical power is greatly enhanced at high health.
You are immune to clouds of flame.


Message History

You kill the meat berserker!
Makhleb accepts your kill.
You feel better.
You hear a shout! x2
The destroyer blinks!
The fleshlord mumbles some strange words.
The fleshlord seems to speed up.
You hear a shout! x3
The wretched soul breathes negative energy at you.
The bolt of negative energy hits you!
You feel drained.
The tyrant gestures wildly while chanting.
You hear a shout!
Unknown command.
You are no longer berserk.
You are exhausted.
You feel as though you will be slow longer.
You hear a shout!
The fleshlord hits you with a +9 great mace!!!!!!
Ouch! That really hurt!
You die...

.....{.....
........W#.#..
..............
W.....V.......
{{#.§.§§........
{{L.X§§§o§§.....
.X§§@§)§§)....
X.Xp#D)W))..#.
.....#).)))).# .
...###.).^).%###..
......))###......
#.....)))_%.....
....#)))..#{{{{
.{..#_)<._#{{{{
{... #.§)..#{{{{


You could see 2 tentacled monstrosities, a tyrant, an eight-headed meat hydra, a
destroyer, a fleshlord, 2 large abominations, a wretched soul (invisible), a
dread and a bag of meat.

Vanquished Creatures
  4 hell beasts (D)
  3 greater mummies (D)
  3 great orbs of eyes (D)
  5 wraiths (D)
  7 vampire knights (D)
  18 ogres (D)
  5 two-headed ogres (D)
  4 liches (D)
  44 orcs (D)
  5 skeletal warriors (D)
  5 sea snakes (D)
  A large abomination (D)
  3 small abominations (D)
  11 crawling corpses (D)
118 creatures vanquished.

Vanquished Creatures (others)
  A crawling corpse (D)
1 creature vanquished.

Grand Total: 119 creatures vanquished

Notes
Turn   | Place    | Note
-------+----------+-------------------------------------------
     0 | D        | Found the +∞ Axe of Woe
     0 | D        | doot the Demonspawn Warper began the quest for the Orb.
     0 | D        | Reached XP level 1. HP: 16/16 MP: 3/3
     3 | D        | Noticed a bag of meat
     3 | D        | Noticed a bag of meat
     3 | D        | Noticed a bag of meat
     4 | D        | Noticed a bag of meat
     4 | D        | Became a worshipper of Makhleb the Destroyer
     5 | D        | Noticed a bag of meat
     6 | D        | Noticed a bag of meat
     7 | D        | Noticed a meat berserker
     9 | D        | Killed a meat berserker
     9 | D        | Reached skill level 27 in Axes
     9 | D        | Reached skill level 1 in Throwing
     9 | D        | Reached skill level 1 in Armour
     9 | D        | Gained mutation: You have a pair of small antennae on your head. [demonic ancestry]
     9 | D        | Reached XP level 2. HP: 24/24 MP: 4/6
     9 | D        | Reached XP level 3. HP: 29/29 MP: 4/7
     9 | D        | Gained mutation: Your flesh is heat resistant. (rF+) [demonic ancestry]
     9 | D        | Reached XP level 4. HP: 35/35 MP: 5/9
     9 | D        | Reached XP level 5. HP: 41/41 MP: 5/10
     9 | D        | Gained mutation: You are immune to clouds of flame. [demonic ancestry]
     9 | D        | Reached XP level 6. HP: 47/47 MP: 5/11
     9 | D        | Gained mutation: You have a pair of antennae on your head. [demonic ancestry]
     9 | D        | Reached XP level 7. HP: 52/52 MP: 5/12
     9 | D        | Gained mutation: You are slightly more attuned to the shadows. [demonic ancestry]
     9 | D        | Reached XP level 8. HP: 58/58 MP: 5/13
     9 | D        | Gained mutation: You have large cloven feet. [demonic ancestry]
     9 | D        | Reached XP level 9. HP: 64/64 MP: 5/14
     9 | D        | Reached XP level 10. HP: 70/70 MP: 5/15
     9 | D        | Gained mutation: You have sharp fingernails. [demonic ancestry]
     9 | D        | Reached XP level 11. HP: 75/75 MP: 5/16
     9 | D        | Gained mutation: You have very sharp fingernails. [demonic ancestry]
     9 | D        | Reached XP level 12. HP: 81/81 MP: 5/17
     9 | D        | Reached XP level 13. HP: 86/86 MP: 5/18
    10 | D        | Killed a bag of meat
    10 | D        | Reached * piety under Makhleb
    11 | D        | Killed a bag of meat
    11 | D        | Reached skill level 10 in Dodging
    11 | D        | Gained mutation: You are significantly more attuned to the shadows. [demonic ancestry]
    11 | D        | Reached XP level 14. HP: 113/113 MP: 5/29
    11 | D        | Killed a bag of meat
    11 | D        | Reached skill level 5 in Throwing
    11 | D        | Reached skill level 5 in Armour
    13 | D        | Killed a bag of meat
    13 | D        | Reached ** piety under Makhleb
    13 | D        | Reached skill level 15 in Spellcasting
    13 | D        | Gained mutation: You have claws for hands. [demonic ancestry]
    13 | D        | Reached XP level 15. HP: 126/126 MP: 5/34
    16 | D        | Reached skill level 15 in Fighting
    21 | D        | Reached skill level 15 in Dodging
    21 | D        | Reached skill level 1 in Stealth
    21 | D        | Reached skill level 15 in Unarmed Combat
    22 | D        | Noticed a meat berserker
    24 | D        | Noticed a meat berserker
    24 | D        | Noticed a large bag of meat
    25 | D        | Noticed a large bag of meat
    26 | D        | Noticed a destroyer
    27 | D        | Reached *** piety under Makhleb
    27 | D        | Gained mutation: Your demonic aura causes spilled blood to erupt in flames. [demonic ancestry]
    27 | D        | Reached XP level 16. HP: 69/141 MP: 9/38
    27 | D        | Killed a meat berserker
    27 | D        | Killed a meat berserker
    27 | D        | Reached skill level 5 in Stealth
    27 | D        | Reached XP level 17. HP: 157/157 MP: 9/43
    28 | D        | Killed a large bag of meat
    28 | D        | Reached **** piety under Makhleb
    28 | D        | Reached skill level 10 in Throwing
    29 | D        | Noticed a large bag of meat
    30 | D        | Noticed a meat berserker
    30 | D        | Noticed a large bag of meat
    30 | D        | Killed a large bag of meat
    30 | D        | Reached skill level 10 in Armour
    30 | D        | Gained mutation: You have hoof-like feet. [demonic ancestry]
    30 | D        | Reached XP level 18. HP: 147/172 MP: 9/47
    31 | D        | Killed a destroyer
    32 | D        | Killed a large bag of meat
    32 | D        | Reached skill level 27 in Spellcasting
    32 | D        | Reached XP level 19. HP: 187/187 MP: 10/50
    34 | D        | Killed a meat berserker
    34 | D        | Reached ***** piety under Makhleb
    34 | D        | Reached skill level 27 in Fighting
    34 | D        | Killed a large bag of meat
    34 | D        | Reached skill level 27 in Dodging
    34 | D        | Reached skill level 27 in Unarmed Combat
    34 | D        | Gained mutation: You have hooves in place of feet. [demonic ancestry]
    34 | D        | Reached XP level 20. HP: 197/197 MP: 10/51
    35 | D        | Reached skill level 15 in Armour
    36 | D        | Noticed a destroyer
    36 | D        | Reached skill level 15 in Stealth
    37 | D        | Killed a destroyer
    37 | D        | Gained mutation: You have a pair of large antennae on your head. (SInv) [demonic ancestry]
    37 | D        | Reached XP level 21. HP: 204/204 MP: 11/52
    39 | D        | Reached ****** piety under Makhleb
    42 | D        | Reached skill level 27 in Throwing
    43 | D        | Noticed a destroyer
    44 | D        | Noticed a large bag of meat
    48 | D        | Noticed an accursed
    49 | D        | Gained mutation: Your magical and physical power is slightly enhanced at high health. [demonic ancestry]
    49 | D        | Reached XP level 22. HP: 212/212 MP: 14/53
    50 | D        | Killed a destroyer
    50 | D        | Reached skill level 27 in Stealth
    50 | D        | Reached skill level 27 in Armour
    50 | D        | Reached skill level 27 in Invocations
    51 | D        | Killed an accursed
    51 | D        | Gained mutation: Your magical and physical power is enhanced at high health. [demonic ancestry]
    51 | D        | Reached XP level 23. HP: 219/219 MP: 15/54
    52 | D        | Killed a large bag of meat
    54 | D        | Gained mutation: Your magical and physical power is greatly enhanced at high health. [demonic ancestry]
    54 | D        | Reached XP level 24. HP: 227/227 MP: 16/54
    55 | D        | Noticed a tyrant
    58 | D        | Reached XP level 25. HP: 234/234 MP: 17/54
    62 | D        | Killed a tyrant
    63 | D        | Noticed a dread
    64 | D        | Noticed a destroyer
    64 | D        | Reached XP level 26. HP: 242/242 MP: 18/54
    65 | D        | Noticed an accursed
    68 | D        | Noticed a dread
    68 | D        | Killed a dread
    69 | D        | Killed a destroyer
    69 | D        | Gained mutation: You are completely attuned to the shadows. [demonic ancestry]
    69 | D        | Reached XP level 27. HP: 215/249 MP: 19/54
    71 | D        | Noticed a meat beast
    71 | D        | Killed a meat beast
    72 | D        | Killed an accursed
    73 | D        | Noticed a meat beast
    74 | D        | Noticed a destroyer
    75 | D        | Killed a meat beast
    76 | D        | Noticed a dread
    76 | D        | Noticed a destroyer
    78 | D        | Killed a destroyer
    79 | D        | Killed a destroyer
    80 | D        | Killed a dread
    81 | D        | Noticed a destroyer
    83 | D        | Noticed a meat beast
    83 | D        | Killed a destroyer
    84 | D        | Killed a meat beast
    86 | D        | Noticed a meat beast
    88 | D        | Killed a dread
    88 | D        | Killed a meat beast
    99 | D        | Noticed an accursed
   100 | D        | Learned a level 4 spell: Passage of Golubria
   101 | D        | Noticed a tyrant
   103 | D        | Learned a level 2 spell: Blink
   103 | D        | Noticed a tyrant
   105 | D        | Noticed an accursed
   108 | D        | Noticed a dread
   109 | D        | Killed an accursed
   109 | D        | Reached skill level 27 in Translocations
   111 | D        | Killed a dread
   114 | D        | Killed a tyrant
   116 | D        | Noticed a dread
   117 | D        | Killed a tyrant
   118 | D        | Noticed a dread
   122 | D        | Noticed a tyrant
   123 | D        | Killed a dread
   126 | D        | Killed a tyrant
   127 | D        | Noticed a fleshlord
   127 | D        | HP: 14/373 [dread/damnation (42)]
   128 | D        | Noticed a destroyer
   130 | D        | Noticed a tyrant
   131 | D        | Noticed a dread
   132 | D        | Annihilated by a fleshlord

Skill      XL: |  1  2  3  4  5  6  7  8  9 10 11 12 13 14 15 16 17 18 19 20 21 22 23 24 25 26 27 |
---------------+----------------------------------------------------------------------------------+-----
Axes           | 27 | 27.0
Fighting       | 3 11 14 17 20 23 26 27 | 27.0
Throwing       | 1 4 5 7 9 10 12 14 22 27 | 27.0
Armour         | 1 4 5 7 8 10 11 13 20 25 27 | 27.0
Dodging        | 2 10 13 16 19 21 24 27 | 27.0
Unarmed Combat | 2 9 12 15 18 21 23 27 | 27.0
Spellcasting   | 3 11 15 18 22 25 27 | 27.0
Stealth        | 2 5 6 8 11 20 26 27 | 27.0
Invocations    | 13 27 | 27.0
Translocations | 27 | 27.0

Action                   |  1- 3 |  4- 6 |  7- 9 | 10-12 | 13-15 | 16-18 | 19-21 | 22-24 | 25-27 || total
-------------------------+-------+-------+-------+-------+-------+-------+-------+-------+-------++-------
Melee: Executioner's axe |     1 |       |       |       |     6 |     4 |     9 |     7 |    43 ||    70
 Cast: Passage of Golubr |       |       |       |       |       |       |       |       |     1 ||     1
Invok: Greater Servant o |       |       |       |       |       |       |     1 |       |       ||     1
  Use: Potion            |       |       |       |       |       |       |       |       |     1 ||     1
Armor: Leather armour    |       |       |       |       |       |       |     1 |       |     1 ||     2
Dodge: Dodged            |       |       |       |       |     3 |       |       |     1 |     4 ||     8
